 Dungeon Crawl Stone Soup version 0.21-a0-426-g98080a9 (webtiles) character file.

16147 KristoblXynda the Blocker (level 12, -3/103 HPs)
             Began as a Purple Draconian Fighter on Nov 7, 2017.
             Was the Champion of Cheibriados.
             Slain by an unseen horror (10 damage)
             ... on level 12 of the Dungeon.
             The game lasted 00:32:40 (13212 turns).

KristoblXynda the Blocker (DrFi)                   Turns: 13212, Time: 00:32:41

Health: -3/103     AC:  9    Str: 35    XL:     12   Next: 7%
Magic:  23/23      EV: 16    Int: 30    God:    Cheibriados [******]
Gold:   539        SH: 26    Dex: 25    Spells: 16/26 levels left

rFire    + + .     SeeInvis .   G - +3 scimitar (slice)
rCold    + . .     Gourm    .   s - +5 shield of Defence {rElec rCorr}
rNeg     . . .     Faith    .   (armour unavailable)
rPois    .         Spirit   .   (helmet restricted)
rElec    +         Reflect  +   q - scarf {rC+ rF+}
rCorr    +         Harm     .   A - +0 pair of gloves
MR       +....     Rnd*Tele +   (no boots)
Stlth    ++........             k - +6 amulet of reflection
HPRegen  0.00/turn              n - ring of protection from fire
MPRegen  0.18/turn              B - ring of resist corrosion

@: short of breath, very slow
A: breathe power, unfitting armour, antennae 1, clever 1, robust 1, inhibited
regeneration, teleportitis 1, cold-blooded, MP-powered wands, AC +8
a: Breathe Dispelling Energy, Bend Time, Temporal Distortion, Slouch, Step From
Time, Renounce Religion


You were on level 12 of the Dungeon.
You worshipped Cheibriados.
Cheibriados was exalted by your worship.
You were not hungry.

You visited 2 branches of the dungeon, and saw 13 of its levels.
You also visited: Ice Cave.

You collected 591 gold pieces.
You spent 52 gold pieces at shops.

Inventory:

Hand Weapons
 G - a +3 scimitar of slicing (weapon)
Missiles
 f - 2 throwing nets (quivered)
Armour
 a - the -4 pair of boots "Abrec" {rF+ Dex+4}
   (You found it in an ice cave)

   It affects your dexterity (+4).
   It protects you from fire.
 q - a scarf of resistance (worn)
 s - the +5 shield of Defence (worn) {rElec rCorr}
   (You found it on level 6 of the Dungeon)

   It insulates you from electricity.
   It protects you from acid and corrosion.
 A - a +0 pair of gloves (worn)
Jewellery
 k - a +6 amulet of reflection (around neck)
 n - a ring of protection from fire (left hand)
 o - an uncursed ring of flight
 B - a ring of resist corrosion (right hand)
 K - an uncursed amulet of harm {unknown}
Wands
 j - a wand of lightning (0/15)
Scrolls
 b - a scroll of amnesia
 c - a scroll of enchant weapon
 e - a scroll of remove curse
 h - 3 scrolls of immolation
 i - a scroll of enchant armour
 l - 6 scrolls of teleportation
 r - a scroll of fear
 x - 4 scrolls of magic mapping
Potions
 t - 2 potions of flight
 E - a potion of curing
 I - 3 potions of brilliance
Books
 z - a book of Misfortune

   Spells                             Type                      Level
   a - Confusing Touch                Hexes                        1
   b - Confuse                        Hexes                        3
   c - Gell's Gravitas                Translocation                3
   d - Petrify                        Transmutation/Earth          4
   e - Metabolic Englaciation         Hexes/Ice                    5
   f - Yara's Violent Unravelling     Hexes/Transmutation          5
 C - a book of Battle

   Spells                             Type                      Level
   a - Infusion                       Charms                       1
   b - Shroud of Golubria             Charms/Translocation         2
   c - Song of Slaying                Charms                       2
   d - Spectral Weapon                Hexes/Charms                 3
   e - Regeneration                   Charms/Necromancy            3
 F - the Grimoire of Damage Dealing and Shape Shifting
   (You found it on level 8 of the Dungeon)

   Spells                             Type                      Level
   a - Passwall                       Transmutation/Earth          2
   b - Fulminant Prism                Conjuration/Hexes            4
   c - Hydra Form                     Transmutation                6
   d - Spellforged Servitor           Conjuration/Summoning        7
Comestibles
 d - 8 bread rations
 m - 2 fruits
 u - 9 meat rations
 w - 2 royal jellies


   Skills:
 - Level 5.0 Fighting
 + Level 10.6 Long Blades
 - Level 5.2 Dodging
 + Level 10.8 Shields
 + Level 7.6 Spellcasting
 - Level 6.2 Charms
 + Level 3.7 Transmutations
 - Level 5.0 Invocations
 - Level 5.0 Evocations


You had 16 spell levels left.
You knew the following spells:

 Your Spells              Type           Power        Failure   Level  Hunger
a - Regeneration          Chrm/Necr      ####......   6%          3    None
b - Spectral Weapon       Hex/Chrm       ####....     6%          3    None
c - Petrify               Tmut/Erth      ###.....     34%         4    #......


Dungeon Overview and Level Annotations

Branches:
Dungeon (12/15)            Temple (1/1) D:5            Lair (0/6) D:9
    Orc (0/2) D:12

Altars:
Ashenzari
Cheibriados
Dithmenos
Elyvilon
Fedhas
Gozag
Hepliaklqana
Kikubaaqudgha
Makhleb
Nemelex Xobeh
Okawaru
Qazlal
Ru
Sif Muna
Trog
Uskayaw
Vehumet
Wu Jian
Xom
Yredelemnul
Zin
The Shining One

Shops:
D:7 [   D:10 ?


Innate Abilities, Weirdness & Mutations

You can breathe bolts of dispelling energy.
Your rich purple scales are hard. (AC +8)
You cannot fit into any form of body armour.
You are cold-blooded and may be slowed by cold attacks.
You have a pair of small antennae on your head.
Your mind is acute. (Int +2)
You are robust. (+10% HP)
You do not regenerate when monsters are visible.
You are occasionally teleported next to monsters.
You expend magic power (3 MP) to strengthen your wands.


Message History

Okay, then.
You have got your breath back.
You block something's attack.
You slash something! Something hits you.
* * * LOW HITPOINT WARNING * * *
You feel better. You block something's attack.
Press: ? - help, Shift-Dir - straight line You breathe a bolt of dispelling energy.
You feel somewhat more hungry. You block something's attack.
Unknown command.
You block something's attack. Something barely misses you.
You start resting.
Something hits you!
* * * LOW HITPOINT WARNING * * *
There is a strange disturbance nearby!
There is a strange disturbance nearby!
You hit something. You tail-slap something. You block something's attack.
You hit something but do no damage. You tail-slap something.
Something hits you but does no damage. Something hits you!
You die...

### #########.#
#.........#
#.#######.# #.# #.#
#.# #@# #{#
######.#########.##
..................+
..####.########.>##
..# #### ..# ..#
+##


There were no monsters in sight!

Vanquished Creatures
  A hydra (D:11)
  A two-headed ogre (D:9)
  A cyclops (D:12)
  2 ugly things
  A manticore (D:8)
  An elephant (D:9)
  2 kobold demonologists (D:10)
  6 ice devils (IceCv)
  4 trolls
  A slime creature (D:12)
  2 hippogriffs
  2 vampires (D:10)
  A wyvern (D:11)
  An air elemental (D:11)
  18 yaks
  A fire elemental (D:11)
  A hungry ghost (D:8)
  A basilisk (D:9)
  A water moccasin (D:11)
  6 orc warriors
  4 sky beasts
  4 phantoms
  2 ogres
  3 centaurs
  A crocodile (D:9)
  3 big kobolds (D:10)
  7 bullfrogs
  A wyvern skeleton (D:10)
  An earth elemental (D:11)
  A water moccasin skeleton (D:10)
  3 scorpions
  3 killer bees (D:9)
  7 wights
  6 crimson imps
  A bullfrog zombie (D:5)
  3 centaur zombies
  4 quasits
  3 jellies
  3 centaur skeletons
  2 orc priests
  5 hounds
  7 orc wizards
  4 iguanas
  9 worker ants
  A killer bee zombie (D:7)
  A hound zombie (D:7)
  2 hound skeletons
  A worker ant zombie (D:11)
  5 gnolls (D:4)
  9 adders
  2 shadow imps
  3 white imps (IceCv)
  7 ufetubi (IceCv)
  2 adder zombies
  3 worms (D:2)
  A leopard gecko (D:3)
  19 orcs
  2 ball pythons
  6 bats
  7 giant cockroaches
  6 goblins
  4 hobgoblins (D:2)
  15 jackals
  6 quokkas
  5 frilled lizards
  12 kobolds
  4 rats
264 creatures vanquished.

Vanquished Creatures (others)
  A water elemental (D:11)
  A sky beast (D:11)
  4 centaurs
  An orc wizard (D:4)
  5 white imps (IceCv)
  3 ufetubi (IceCv)
  An orc (D:11)
16 creatures vanquished.

Grand Total: 280 creatures vanquished

Notes
Turn   | Place    | Note
-------+----------+-------------------------------------------
     0 | D:1      | KristoblXynda the Draconian Fighter began the quest for the Orb.
     0 | D:1      | Reached XP level 1. HP: 19/19 MP: 1/1
   275 | D:1      | Reached XP level 2. HP: 21/26 MP: 2/2
   745 | D:2      | Found an opulent altar of Gozag.
   752 | D:2      | Reached XP level 3. HP: 31/31 MP: 3/3
  1405 | D:3      | Reached XP level 4. HP: 36/40 MP: 4/4
  1408 | D:3      | Found a glowing silver altar of Zin.
  1408 | D:3      | Found a burning altar of Makhleb.
  1409 | D:3      | Noticed an Executioner
  1409 | D:3      | Noticed an angel
  1448 | D:3      | Found a shadowy altar of Dithmenos.
  2480 | D:4      | Reached XP level 5. HP: 36/46 MP: 5/5
  2821 | D:4      | Found an ornate altar of the Wu Jian Council.
  2978 | D:4      | Found a deep blue altar of Sif Muna.
  3018 | D:5      | Entered Level 5 of the Dungeon
  3809 | D:5      | Reached XP level 6. HP: 42/55 MP: 6/6
  3821 | D:5      | Reached skill level 5 in Fighting
  4322 | D:5      | Reached skill level 5 in Shields
  4828 | D:5      | Found a staircase to the Ecumenical Temple.
  4835 | Temple   | Entered the Ecumenical Temple
  4889 | Temple   | Became a worshipper of Cheibriados the Contemplative
  4996 | D:5      | Your scales start taking on a rich purple colour.
  4996 | D:5      | Reached XP level 7. HP: 47/61 MP: 7/7
  5113 | D:6      | Reached skill level 5 in Long Blades
  5277 | D:6      | Got a faintly humming shield
  5288 | D:6      | Identified the +5 shield of Defence {rElec rCorr} (You found it on level 6 of the Dungeon)
  5452 | D:6      | Reached * piety under Cheibriados
  5529 | D:6      | Found a sparkling altar of Nemelex Xobeh.
  5553 | D:6      | Reached XP level 8. HP: 60/68 MP: 8/8
  5554 | D:6      | Found an iron altar of Okawaru.
  5628 | D:6      | Found a shattered altar of Ashenzari.
  5839 | D:6      | Found a hide-covered altar of Uskayaw.
  5839 | D:6      | Found a shimmering altar of Xom.
  6070 | D:7      | Noticed a hippogriff
  6089 | D:6      | Killed a hippogriff
  6089 | D:6      | Reached skill level 5 in Dodging
  6450 | D:7      | Learned a level 3 spell: Regeneration
  6478 | D:7      | Reached skill level 1 in Invocations
  6478 | D:7      | Reached skill level 1 in Evocations
  6682 | D:7      | Found Doec's Antique Armour Shop.
  6869 | D:7      | Reached ** piety under Cheibriados
  7050 | D:7      | Reached XP level 9. HP: 74/74 MP: 9/11
  7489 | D:8      | Found a glowing golden altar of the Shining One.
  7498 | D:8      | Found a stormy altar of Qazlal.
  7705 | D:8      | Identified the Grimoire of Damage Dealing and Shape Shifting
  7783 | D:8      | Reached *** piety under Cheibriados
  7939 | D:8      | Noticed a manticore
  7947 | D:8      | Killed a manticore
  8002 | D:8      | Reached skill level 5 in Invocations
  8002 | D:8      | Reached skill level 5 in Evocations
  8480 | D:9      | Reached skill level 1 in Spellcasting
  8480 | D:9      | Reached skill level 1 in Charms
  8480 | D:9      | Reached XP level 10. HP: 79/81 MP: 13/13
  8740 | D:9      | Reached **** piety under Cheibriados
  8858 | D:9      | Noticed an elephant
  8872 | D:9      | Killed an elephant
  8907 | D:9      | Found a staircase to the Lair.
  9171 | D:9      | Found a basalt altar of Yredelemnul.
  9215 | D:9      | Noticed a two-headed ogre
  9226 | D:9      | Killed a two-headed ogre
  9352 | D:10     | Entered Level 10 of the Dungeon
  9413 | D:10     | Found Woam Wapire's Magic Scroll Shoppe.
  9421 | D:10     | Bought a scroll of identify for 26 gold pieces
  9421 | D:10     | Bought a scroll of identify for 26 gold pieces
  9459 | D:10     | Gained mutation: You are occasionally teleported next to monsters. [mutagenic meat]
  9460 | D:10     | Gained mutation: You are resistant to hostile enchantments. (MR+) [mutagenic meat]
  9461 | D:10     | Gained mutation: You do not regenerate when monsters are visible. [mutagenic meat]
  9462 | D:10     | Gained mutation: Your mind is acute. (Int +2) [mutagenic meat]
  9463 | D:10     | Gained mutation: You expend magic power (3 MP) to strengthen your wands. [mutagenic meat]
  9464 | D:10     | Gained mutation: You have a pair of small antennae on your head. [mutagenic meat]
  9525 | D:10     | Noticed a sixfirhy
  9652 | D:10     | Reached ***** piety under Cheibriados
  9944 | D:10     | Reached skill level 5 in Spellcasting
  9944 | D:10     | Reached skill level 5 in Charms
  9944 | D:10     | Reached XP level 11. HP: 86/86 MP: 18/18
 10500 | D:11     | Got a smoking falchion
 10504 | D:11     | Identified the cursed +1 falchion of Diet Blood {slice, Str+2} (You found it on level 11 of the Dungeon)
 10570 | D:11     | Found a frozen archway.
 10579 | IceCv    | Entered an ice cave
 10698 | IceCv    | Noticed a reaper
 11064 | IceCv    | Got a pair of smoking boots
 11070 | IceCv    | Identified the -4 pair of boots "Abrec" {rF+ Dex+4} (You found it in an ice cave)
 11643 | D:11     | Noticed an eight-headed hydra
 11648 | D:11     | Killed an eight-headed hydra
 11648 | D:11     | Reached skill level 10 in Shields
 11660 | D:11     | Noticed a cyan ugly thing
 11677 | D:11     | Killed a cyan ugly thing
 11693 | D:11     | Learned a level 3 spell: Spectral Weapon
 11728 | D:11     | Learned a level 4 spell: Petrify
 11848 | D:11     | Reached skill level 10 in Long Blades
 11848 | D:11     | Reached skill level 1 in Transmutations
 11988 | D:11     | Found a large runed door.
 11988 | D:11     | Found a large runed door.
 12619 | D:11     | Lost mutation: You are resistant to hostile enchantments. (MR+) [mutagenic meat]
 12620 | D:11     | Gained mutation: You are robust. (+10% HP) [mutagenic meat]
 12831 | D:12     | Reached ****** piety under Cheibriados
 12901 | D:12     | Reached XP level 12. HP: 62/103 MP: 23/23
 13162 | D:12     | Found a staircase to the Orcish Mines.
 13212 | D:12     | Slain by an unseen horror

Vault maps used:
D:1:      wheals_arrival_shading
D:2:      lemuel_doored_altar, first_bread
D:3:      grunt_temple_overflow_order_and_chaos_2,
          nicolae_dithmenos_shadow_blocks
D:4:      tgw_sif, lemuel_crystal_altar
D:5:      temple_green, zaba_anthole
D:6:      okawaru_metal_pillars_3, lemuel_round_altar,
          gammafunk_temple_overflow_wave, basic_altar
D:7:      serial_shops, kennysheep_mini_moat
D:8:      overflow_temple_1_default, nicolae_qazlal_general_emergency
D:9:      lemuel_coloured_pillars_altar, david_lair_generic, grunt_ogre_cave
D:10:     serial_shops, shop
D:11:     portal_ice_cave_entry_pillars_2, lightli_elemental_guards
D:12:     hangedman_cross_stitches, orc_0_dummy
Temple:   chequers_temple_sunken
IceCv:    ice_cave_small_demon

Skill      XL: |  1  2  3  4  5  6  7  8  9 10 11 |
---------------+----------------------------------+-----
Dodging        | 3 4 5 |  5.2
Long Blades    | 3 4 5 6 8 9 10 | 10.6
Fighting       | 4 5 |  5.0
Shields        | 4 5 6 7 8 9 10 | 10.8
Invocations    | 2 5 |  5.0
Evocations     | 2 5 |  5.0
Spellcasting   | 1 5 7 |  7.6
Charms         | 1 5 6 |  6.2
Transmutations | 3 |  3.7

Action                   |  1- 3 |  4- 6 |  7- 9 | 10-12 || total
-------------------------+-------+-------+-------+-------++-------
Melee: Long sword        |   115 |   191 |   439 |   105 ||   850
       Tailslap          |    12 |    23 |    82 |   150 ||   267
       Scimitar          |       |       |       |   359 ||   359
 Abil: Breathe Dispellin |       |       |     3 |     7 ||    10
Evoke: Wand              |       |     1 |     1 |     6 ||     8
  Use: Scroll            |     6 |    14 |     2 |    14 ||    36
       Potion            |       |     1 |     4 |    11 ||    16
 Stab: Sleeping          |       |       |       |     3 ||     3
       Distracted        |       |       |       |     1 ||     1
  Eat: Chunk             |     2 |     5 |     5 |    14 ||    26
       Meat ration       |       |     1 |       |       ||     1
       Royal jelly       |       |     1 |       |       ||     1
       Fruit             |       |       |     3 |     8 ||    11
Armor: Skin              |    38 |    41 |    50 |    74 ||   203
Dodge: Dodged            |    37 |    55 |    86 |   152 ||   330
Block: Shield            |    90 |   188 |   441 |   596 ||  1315
       Reflection        |       |       |    13 |    28 ||    41
       Rpst.: Long sword |     9 |    14 |    23 |    12 ||    58
       Scimitar          |       |       |       |    31 ||    31

Table legend:
 A = Spawn XP
 B = Non-spawn XP
 C = Spawn XP percentage of total XP
 D = Spawn monster count
 E = Non-spawn monster count
 F = Spawn count percentage of total count
 G = Total turns spent on level
                    A         B        C        D         E        F      G
               +---------+---------+-------+---------+---------+-------+---------
         Total |       0 |   23068 |   0.0 |       0 |     269 |   0.0 | 13212
               +---------+---------+-------+---------+---------+-------+---------
           D:1 |       0 |      20 |   0.0 |       0 |      13 |   0.0 |   607
           D:2 |       0 |      70 |   0.0 |       0 |      22 |   0.0 |   771
           D:3 |       0 |      40 |   0.0 |       0 |      16 |   0.0 |   695
           D:4 |       0 |     164 |   0.0 |       0 |       9 |   0.0 |  1273
           D:5 |       0 |     474 |   0.0 |       0 |      18 |   0.0 |  1673
           D:6 |       0 |    1161 |   0.0 |       0 |      26 |   0.0 |  1319
           D:7 |       0 |    1306 |   0.0 |       0 |      27 |   0.0 |  1077
           D:8 |       0 |    2056 |   0.0 |       0 |      28 |   0.0 |   953
           D:9 |       0 |    3625 |   0.0 |       0 |      21 |   0.0 |   933
          D:10 |       0 |    2691 |   0.0 |       0 |      24 |   0.0 |  1101
          D:11 |       0 |    5464 |   0.0 |       0 |      34 |   0.0 |  1292
          D:12 |       0 |    3910 |   0.0 |       0 |      15 |   0.0 |   400
         IceCv |       0 |    2087 |   0.0 |       0 |      16 |   0.0 |  1049
               +---------+---------+-------+---------+---------+-------+---------
